Unix NetHack Version 5.0.0-0 post-release - last build Jun 10 2026 00:39:30 (3ee93aec679c4c4259841fe613dc97188e26a321,branch:main).

Game began 2026-06-22 09:58:31, ended 2026-06-22 13:42:21.

Anarchos, lawful female dwarven Valkyrie

                                         ----                  ---
                                         |..--                 |..|
                                         |...|               ---..|
                   ----    ---  ---      --..--             |....-|
                ----..------.----.-------|....|            --.--..--
  ---          --.............|..........|.--.|           --..||...--
 --.---        |......-----.>^..-------....|-.-----     ---...|----.-----
 |....|        |.....--  |......|     |..---......|  ----....--   |.....-----
 --...---      |-...---- --..--.|     |..||.....-.----.........|  |.......|.--
  --....--------.......|  ----|.--    ----|......*.....|..%)...|  --.. .....^|
   --......^-|...-----.|--    |..--       |.--q...--------.|...--  |........-|
    |........|.---  --.|.--   --..|       ---|.@...--   |.. --..|  |.........--
    --..........|   |.....|   ---.|          |-.d...|----..| |..----..........|
     ---........|   --..---  --.|.|          |.....---.....| |-..............--
       ---......|    ----    |....|          |.............| |...........-----
         --.....|            |....|          |.............| |..%....^...|
          ----.--             --..|          |........--.--- |...<......--
             ---               ----          |........|---   -..........|
                                             |.....^..|      .|.....|..--
                                              --.---.--       ---..-----
                                               --- ---          ----
Anarchos the Skirmisher     St:18/02 Dx:12 Co:14 In:7 Wi:12 Ch:10  Lawful
Dlvl:4  $:20 HP:0(38) Pw:5(5) AC:5  Xp:4/96 T:1686 

Latest messages:
 The rothe misses the little dog.
 The rothe misses the little dog.
 The little dog bites the rothe.
 The rothe is killed!
 You have a little trouble lifting a rothe corpse.  Continue? [ynq] (q) q
 You see here a rothe corpse.
 Your little dog eats a hobgoblin corpse.
 There is a rothe corpse here; eat it? [ynq] (n) y
 This rothe corpse tastes okay.
 You finish eating the rothe corpse.
 You swap places with your little dog.
 n - an orcish dagger.
 o - a white potion.
 What do you want to drink? [oP or ?*] o
 You feel much better.
 You swap places with the peaceful gnome.
 The little dog misses the gnome.
 What do you want to drink? [P or ?*] P
 You feel better.
 The little dog misses the gnome.
 The little dog bites the gnome.
 The gnome is killed!
 Your little dog grows up into a dog.
 You learn more about your items by comparing them.
 b - 4 +0 daggers (at the ready) (5 in total).
 What do you want to wield? [- abfnvNO or ?*] ?
 Never mind.
 Where do you want to travel to?
 (For instructions type a '?')
 The rothe hits!
 The rothe bites!
 The rothe bites again!
 You miss the rothe.
 You miss the rothe.
 The rothe hits!
 The rothe bites!
 The rothe bites again!
 You miss the rothe.
 The rothe misses!
 The rothe bites!
 The rothe bites again!
 You miss the rothe.
 You miss the rothe.
 The rothe hits!
 The rothe bites!
 The rothe bites again!
 You die...
 Do you want your possessions identified? [ynq] (y) y
 Do you want to see your attributes? [ynq] (y) y
 Do you want an account of creatures vanquished? [ynaq] (y) q

Inventory:
 Coins    ('$')
  $ - 20 gold pieces
 Weapons  (')')
  O - 5 +0 darts
  b - 5 +0 daggers (at the ready)
  a - a +2 dwarvish spear
  n - a +1 orcish dagger
  v - the +0 Orcrist (weapon in right hand)
  f - a +0 ranseur
 Armor    ('[')
  p - an uncursed +0 orcish helm (being worn)
  B - an uncursed +0 pair of iron shoes (being worn)
  m - an uncursed +0 shield of reflection (being worn)
  c - an uncursed +3 small shield
 Comestibles  ('%')
  s - an uncursed cram ration
  d - an uncursed food ration
  L - 2 cursed food rations
 Spellbooks  ('+')
  h - an uncursed spellbook of force bolt
 Rings    ('=')
  r - an uncursed ring of protection from shape changers (on left hand)
 Wands    ('/')
  k - a wand of create monster (0:12)
 Tools    ('(')
  e - an uncursed credit card
  j - a cursed crystal ball (0:4)
  N - a +0 grappling hook
  x - an uncursed tin whistle
 Gems/Stones  ('*')
  I - an uncursed black opal
  l - 2 cursed fluorite stones
  M - a cursed jacinth stone
  D - an uncursed obsidian stone
  i - an uncursed worthless piece of black glass
  y - a cursed worthless piece of black glass
  g - an uncursed worthless piece of blue glass
  A - an uncursed worthless piece of orange glass
  C - 2 uncursed worthless pieces of yellowish brown glass

Anarchos the Valkyrie's attributes:

Background:
 You were a Skirmisher, a level 4 dwarven Valkyrie.
 You were lawful, nominally on a mission for Tyr
 who was opposed by Odin (neutral) and Loki (chaotic).
 You were right-handed.
 You were in the Gnomish Mines, on level 4.
 You entered the dungeon 1686 turns ago.
 You had 96 experience points, 64 more were needed to attain level 5.

Basics:
 You had 0 out of 38 hit points.
 You had all 5 energy points (spell power).
 Your armor class was 5.
 Your wallet contained 20 zorkmids.
 Autopickup was on for all types.

Final Characteristics:
 Your strength was 18/02 (peak:18/03, limit:18/100).
 Your dexterity was 12 (limit:20).
 Your constitution was 14 (limit:20).
 Your intelligence was 7 (limit:16).
 Your wisdom was 12 (limit:16).
 Your charisma was 10 (limit:16).

Final Status:
 You weren't hungry.
 You were unencumbered.
 You were wielding a broadsword.
 You were unskilled in broadsword.

Final Attributes:
 You were devoutly aligned.
 You were cold resistant.
 You were aware of the presence of orcs.
 You had infravision.
 You were stealthy.
 You were protected from shape changers.
 You had reflection.
 You are dead.

Miscellaneous:
 You didn't encounter any bones levels.
 Total elapsed playing time was 1 hour, 19 minutes and 3 seconds.

Major events:
 Turn
    1: Anarchos the lawful dwarven Valkyrie entered the dungeon
  694: chose an elven broadsword to be named "Orcrist"
  836: attained the rank of Skirmisher (level 3)
  880: entered the Gnomish Mines
 1686: killed by a rothe

Spells:
 Name                 Level Category     Fail Retention
 force bolt             1   attack       100%  76%-100%

Skills:
 Fighting Skills
   bare handed combat [Unskilled]
   two weapon combat  [Unskilled]
   riding             [Unskilled]
 Weapon Skills
   dagger             [Basic]
   axe                [Unskilled]
   pick-axe           [Unskilled]
   short sword        [Unskilled]
   broadsword         [Unskilled]
   long sword         [Unskilled]
   two-handed sword   [Unskilled]
   saber              [Unskilled]
   hammer             [Unskilled]
   quarterstaff       [Unskilled]
   polearms           [Unskilled]
   spear              [Basic]
   trident            [Unskilled]
   lance              [Unskilled]
   sling              [Unskilled]
 Spellcasting Skills
   attack spells      [Unskilled]
   escape spells      [Unskilled]

Voluntary challenges:
 Character rerolling was not enabled.
 You were an atheist.
 You never genocided any monsters.
 You never polymorphed an object.
 You never changed form.
 You used no wishes.
Achievements:
 You attained the rank of Skirmisher.
 You entered the Gnomish Mines.

 The Dungeons of Doom: levels 1 to 3
    Level 1:
    Level 2:
       A fountain, a sink, a grave.
       Stairs down to The Gnomish Mines.
    Level 3:
 The Gnomish Mines: levels 3 to 4
    Level 3:
    Level 4: <- You were here.
       Final resting place for
          you, killed by a rothe.


Vanquished creatures:
  a pony
  a floating eye
  a dwarf
  a homunculus
  a rothe
  a werejackal
  a hobbit
  2 large kobolds
  2 hobgoblins
  a giant rat
 14 gnomes
  2 geckos
  5 jackals
  a fox
  2 goblins
  3 sewer rats
  2 grid bugs
  2 bats
  3 lichens
  a kobold zombie
  8 newts
55 creatures vanquished.

No species were genocided or became extinct.

Game over:
                       ----------
                      /          \
                     /    REST    \
                    /      IN      \
                   /     PEACE      \
                  /                  \
                  |     Anarchos     |
                  |      20 Au       |
                  |   killed by a    |
                  |      rothe       |
                  |                  |
                  |                  |
                  |       2026       |
                 *|     *  *  *      | *
        _________)/\\_//(\/(/\)/\//\/|_)_______

Farvel Anarchos the Valkyrie...

You died in The Gnomish Mines on dungeon level 4 with 572 points,
and 20 pieces of gold, after 1686 moves.
You were level 4 with a maximum of 38 hit points when you died.

